 Dungeon Sprint DCSS version 0.21-a0-297-ga3d34c2 (webtiles) character file.

1430 potatolord6000 the Martial Artist (level 8, -7/80 HPs)
             Began as a Gnoll Transmuter on Sept 28, 2017.
             Was a High Priest of Sif Muna.
             Mangled by an orc warrior
             ... wielding a +0 mace
             ... led by an orc knight
              (17 damage)
             ... in the Dungeon (Sprint VII: "The Pits").
             The game lasted 00:05:20 (697 turns).

potatolord6000 the Martial Artist (Gnoll Transmuter) Turns: 697, Time: 00:05:21

Health: -7/80      AC:  6    Str: 15    XL:     8   Next: 73%
Magic:  6/20       EV: 16    Int: 15    God:    Sif Muna [*****.]
Gold:   0          SH:  0    Dex: 22    Spells: 9/23 levels left

rFire    x . .     SeeInvis .     - Unarmed
rCold    + + +     Gourm    .   (shield currently unavailable)
rNeg     . . .     Faith    .   (armour currently unavailable)
rPois    +         Spirit   .   (helmet currently unavailable)
rElec    .         Reflect  .   (cloak currently unavailable)
rCorr    .         Harm     .   (gloves currently unavailable)
MR       .....     NoTele   +   (boots currently unavailable)
Stlth    ++++......             (no amulet)
HPRegen  0.23/turn              q - +3 ring of dexterity
MPRegen  0.17/turn              r - +3 ring of dexterity

@: ice-form
A: distributed training, strong nose
a: End Transformation, Divine Energy, Channel Magic, Forget Spell, Renounce
Religion


You were in the Dungeon.
You worshipped Sif Muna.
Sif Muna was extremely pleased with you.
You were hungry.
You were a creature of crystalline ice.
You visited 1 branch

Inventory:

Missiles
 a - 12 arrows
Armour
 u - a +5 ring mail (melded)
Jewellery
 q - a +3 ring of dexterity (left front paw)
 r - a +3 ring of dexterity (right front paw)
Scrolls
 l - 3 scrolls of remove curse
 m - 5 scrolls of amnesia
 n - a scroll of summoning
Potions
 e - 7 potions of curing
 f - 7 potions of heal wounds
 g - 2 potions of haste
 h - 4 potions of magic
 i - a potion of berserk rage
 k - a potion of invisibility
 s - a potion of might
 t - a potion of brilliance
Books
 c - a book of Changes

   Spells                             Type                      Level
   a - Beastly Appendage              Transmutation                1
   b - Sticks to Snakes               Transmutation                2
   c - Spider Form                    Transmutation/Poison         3
   d - Ice Form                       Ice/Transmutation            4
   e - Blade Hands                    Transmutation                5
Comestibles
 d - 8 bread rations
 o - 40 fruits
 p - 7 meat rations


   Skills:
 + Level 7.4 Fighting
 + Level 6.7 Short Blades
 + Level 6.6 Long Blades
 + Level 5.8 Axes
 + Level 6.4 Maces & Flails
 + Level 6.5 Polearms
 + Level 6.6 Staves
 + Level 6.2 Slings
 + Level 6.4 Bows
 + Level 6.3 Crossbows
 + Level 7.8 Throwing
 + Level 6.2 Armour
 + Level 8.0 Dodging
 + Level 6.5 Stealth
   Level 0.0 Stabbing
 + Level 6.0 Shields
   Level 0.0 Traps
 + Level 9.5 Unarmed Combat
 + Level 8.4 Spellcasting
 + Level 6.8 Conjurations
 + Level 6.3 Hexes
 + Level 6.5 Charms
 + Level 6.0 Summonings
 + Level 6.8 Necromancy
 + Level 6.8 Translocations
 + Level 8.5 Transmutations
 + Level 6.2 Fire Magic
 + Level 6.7 Ice Magic
 + Level 5.5 Air Magic
 + Level 6.0 Earth Magic
 + Level 6.5 Poison Magic
 + Level 6.7 Invocations
   Level 6.3 Evocations


You had 9 spell levels left.
You knew the following spells:

 Your Spells              Type           Power        Failure   Level  Hunger
a - Beastly Appendage     Tmut           ####..       1%          1    None
b - Ice Form              Ice/Tmut       ####....     4%          4    ####...
c - Blade Hands           Tmut           ####......   10%         5    #####..
d - Summon Ice Beast      Ice/Summ       ####....     9%          4    ####...


Dungeon Overview and Level Annotations

Branches:
Dungeon (1/1)

Altars:
Ashenzari
Cheibriados
Dithmenos
Elyvilon
Fedhas
Gozag
Hepliaklqana
Kikubaaqudgha
Makhleb
Nemelex Xobeh
Okawaru
Qazlal
Ru
Sif Muna
Trog
Uskayaw
Vehumet
Wu Jian
Xom
Yredelemnul
Zin
The Shining One
Beogh
Jiyva
Lugonu


Innate Abilities, Weirdness & Mutations

Your experience applies equally to all skills.
((You have very sharp teeth.))
Your uncanny sense of smell can sniff out nearby items.


Message History

Sif Muna accepts your kill.
Your Shields skill increases to level 6!
Your Earth Magic skill increases to level 6!
You swap places.
The orc warrior barely misses you.
The orc knight hits you from afar with an enchanted halberd!!
Your ice beast barely misses the orc warrior.
The orc warrior hits you with a mace! The orc warrior closely misses you.
Your ice beast hits the orc warrior.
Your ice beast freezes the orc warrior!
Unknown command.
You punch the orc warrior! You freeze the orc warrior.
The orc warrior is moderately wounded.
The acid dragon closely misses you. The acid dragon completely misses you.
Your ice beast hits the orc warrior but does no damage.
The orc warrior hits you with a halberd!!!
* * * LOW HITPOINT WARNING * * *
The orc knight completely misses you.
Your ice beast hits the orc warrior but does no damage.
The orc warrior hits your ice beast with a dire flail!
The orc warrior hits you with a mace!
You die...

)#####......#..#......#
..).##................#
###'#####'#####''######
....##.......##''#
....##.......##..#
#'####.......##..#
...)##...<...##Y.#
.†..##.......##YY#
...)##.......##oY#
######.......##ooD#
.#..###########.o.o+
.#)############...##
.#)#....#..[/##..##
.#'#....#..[[##..#
.#.'†...'..))##..#
.#'#....#..))##..#
.'.#....#.!))#


You could see an orc knight, 3 orc warriors, an acid dragon, an orc wizard and 3
friendly ice beasts.

Vanquished Creatures
  A death yak (D)
  A ynoxinul (D)
  Edmund (D)
  A porcupine (D)
  An ice beast (D)
  A black bear (D)
  A wolf (D)
  2 orc wizards (D)
  A hound (D)
  A gnoll shaman (D)
  Ijyb (D)
  A mummy (D)
  2 gnolls (D)
  A river rat (D)
  An ufetubus (D)
  An orc (D)
  2 bat skeletons (D)
  3 hobgoblins (D)
  4 jackals (D)
  A kobold (D)
  A ball python zombie (D)
  A quokka skeleton (D)
30 creatures vanquished.

Notes
Turn   | Place    | Note
-------+----------+-------------------------------------------
     0 | D        | potatolord6000 the Gnoll Transmuter began the quest for the Orb.
     0 | D        | Reached XP level 1. HP: 17/17 MP: 6/6
    13 | D        | Reached skill level 1 in Short Blades
    13 | D        | Reached skill level 5 in Spellcasting
    13 | D        | Reached skill level 1 in Conjurations
    13 | D        | Reached skill level 1 in Invocations
    19 | D        | Found a bloodstained altar of Trog.
    19 | D        | Found a deep blue altar of Sif Muna.
    19 | D        | Found a viscous altar of Jiyva.
    19 | D        | Found a hazy altar of Hepliaklqana.
    19 | D        | Found an opulent altar of Gozag.
    47 | D        | Found a glowing golden altar of the Shining One.
    47 | D        | Found a glowing silver altar of Zin.
    47 | D        | Found a basalt altar of Yredelemnul.
    47 | D        | Found a shimmering altar of Xom.
    47 | D        | Found an ornate altar of the Wu Jian Council.
    47 | D        | Found a sacrificial altar of Ru.
    47 | D        | Found a stormy altar of Qazlal.
    47 | D        | Found an iron altar of Okawaru.
    47 | D        | Found a sparkling altar of Nemelex Xobeh.
    47 | D        | Found a burning altar of Makhleb.
    47 | D        | Found a blossoming altar of Fedhas.
    47 | D        | Found a white marble altar of Elyvilon.
    47 | D        | Found a shadowy altar of Dithmenos.
    47 | D        | Found a snail-covered altar of Cheibriados.
    50 | D        | Found a corrupted altar of Lugonu.
    50 | D        | Found a radiant altar of Vehumet.
    50 | D        | Found a roughly hewn altar of Beogh.
    51 | D        | Found an ancient bone altar of Kikubaaqudgha.
    51 | D        | Found a hide-covered altar of Uskayaw.
    51 | D        | Found a shattered altar of Ashenzari.
    52 | D        | Became a worshipper of Sif Muna the Loreminder
    69 | D        | Reached skill level 1 in Stealth
    69 | D        | Reached skill level 1 in Poison Magic
    71 | D        | Reached skill level 1 in Staves
    71 | D        | Reached skill level 1 in Bows
    71 | D        | Reached skill level 1 in Shields
    71 | D        | Reached skill level 1 in Hexes
    71 | D        | Reached skill level 1 in Necromancy
    71 | D        | Reached skill level 1 in Translocations
    71 | D        | Reached skill level 1 in Ice Magic
    71 | D        | Reached XP level 2. HP: 16/23 MP: 6/8
   162 | D        | Reached skill level 1 in Maces & Flails
   166 | D        | Reached skill level 1 in Throwing
   166 | D        | Reached skill level 1 in Armour
   172 | D        | Reached * piety under Sif Muna
   172 | D        | Reached skill level 1 in Long Blades
   180 | D        | Reached skill level 1 in Slings
   180 | D        | Reached skill level 1 in Crossbows
   180 | D        | Reached skill level 1 in Charms
   180 | D        | Reached skill level 1 in Air Magic
   181 | D        | Reached skill level 5 in Transmutations
   181 | D        | Reached skill level 1 in Fire Magic
   181 | D        | Reached skill level 1 in Evocations
   181 | D        | Reached XP level 3. HP: 29/29 MP: 10/10
   241 | D        | Noticed Edmund
   245 | D        | Reached skill level 1 in Summonings
   251 | D        | Noticed Ijyb
   258 | D        | Killed Edmund
   258 | D        | Reached ** piety under Sif Muna
   258 | D        | Reached skill level 5 in Dodging
   258 | D        | Reached skill level 7 in Unarmed Combat
   258 | D        | Reached XP level 4. HP: 37/37 MP: 12/12
   258 | D        | Reached XP level 5. HP: 42/42 MP: 13/13
   263 | D        | Killed Ijyb
   298 | D        | Reached skill level 5 in Throwing
   312 | D        | Learned a level 4 spell: Ice Form
   318 | D        | Learned a level 5 spell: Blade Hands
   327 | D        | Reached *** piety under Sif Muna
   327 | D        | Reached XP level 6. HP: 42/49 MP: 9/15
   407 | D        | Noticed a black bear
   409 | D        | Killed a black bear
   409 | D        | Reached skill level 5 in Fighting
   409 | D        | Reached skill level 5 in Invocations
   412 | D        | Noticed a porcupine
   414 | D        | Killed a porcupine
   414 | D        | Reached skill level 5 in Short Blades
   414 | D        | Reached skill level 5 in Staves
   414 | D        | Reached skill level 8 in Unarmed Combat
   414 | D        | Reached skill level 5 in Conjurations
   414 | D        | Reached skill level 5 in Necromancy
   418 | D        | Reached **** piety under Sif Muna
   418 | D        | Reached skill level 5 in Translocations
   418 | D        | Reached XP level 7. HP: 57/57 MP: 12/17
   422 | D        | Reached skill level 5 in Charms
   424 | D        | Reached skill level 5 in Maces & Flails
   424 | D        | Reached skill level 5 in Stealth
   428 | D        | Reached skill level 5 in Ice Magic
   428 | D        | Reached skill level 5 in Poison Magic
   428 | D        | Reached skill level 5 in Evocations
   456 | D        | Noticed a death yak
   456 | D        | Noticed a ynoxinul
   466 | D        | Killed a death yak
   466 | D        | Reached ***** piety under Sif Muna
   466 | D        | Received a gift from Sif Muna
   466 | D        | Reached skill level 5 in Axes
   466 | D        | Reached skill level 5 in Polearms
   466 | D        | Reached skill level 5 in Slings
   466 | D        | Reached skill level 5 in Crossbows
   466 | D        | Reached skill level 5 in Armour
   466 | D        | Reached skill level 5 in Shields
   466 | D        | Reached skill level 9 in Unarmed Combat
   466 | D        | Reached skill level 5 in Hexes
   466 | D        | Reached skill level 5 in Summonings
   466 | D        | Reached skill level 5 in Fire Magic
   466 | D        | Reached skill level 5 in Air Magic
   466 | D        | Reached skill level 5 in Earth Magic
   466 | D        | Reached XP level 8. HP: 54/65 MP: 11/20
   470 | D        | Killed a ynoxinul
   541 | D        | Identified Sif Muna's Reference Book on the Warped Glacier (Sif Muna gifted it to you in the Dungeon)
   636 | D        | Learned a level 4 spell: Summon Ice Beast
   692 | D        | Noticed an orc knight
   697 | D        | Mangled by an orc warrior

Vault maps used:
D:        pitsprint

Skill      XL: |  1  2  3  4  5  6  7  8 |
---------------+-------------------------+-----
Short Blades   | 1 2 4 5 6 |  6.7
Spellcasting   | 5 6 7 8 |  8.4
Conjurations   | 1 2 3 4 5 6 |  6.8
Invocations    | 2 3 4 5 6 |  6.7
Stealth        | 1 2 3 4 6 |  6.5
Poison Magic   | 1 2 3 4 6 |  6.5
Staves         | 1 2 4 5 6 |  6.6
Bows           | 1 3 4 6 |  6.4
Shields        | 1 3 4 5 6 |  6.0
Hexes          | 1 3 4 5 6 |  6.3
Necromancy     | 1 3 4 5 6 |  6.8
Translocations | 1 2 3 5 6 |  6.8
Ice Magic      | 1 2 3 4 6 |  6.7
Maces & Flails | 2 3 4 6 |  6.4
Throwing       | 2 4 5 6 7 |  7.8
Armour         | 2 3 4 5 6 |  6.2
Long Blades    | 2 3 4 6 |  6.6
Fighting       | 3 4 5 6 7 |  7.4
Polearms       | 2 3 4 5 6 |  6.5
Slings         | 1 2 3 4 5 6 |  6.2
Crossbows      | 1 3 4 5 6 |  6.3
Charms         | 1 3 4 6 |  6.5
Air Magic      | 1 2 3 4 5 |  5.5
Transmutations | 5 6 7 8 |  8.5
Fire Magic     | 1 2 3 4 5 6 |  6.2
Evocations     | 1 3 4 6 |  6.3
Summonings     | 2 3 4 5 6 |  6.0
Axes           | 2 3 4 5 |  5.8
Dodging        | 5 6 7 8 |  8.0
Unarmed Combat | 7 8 9 |  9.5
Earth Magic    | 2 3 4 5 6 |  6.0

Action                   |  1- 3 |  4- 6 |  7- 9 || total
-------------------------+-------+-------+-------++-------
Melee: Unarmed           |    28 |    31 |    26 ||    85
       Kick              |     7 |     2 |       ||     9
       Bite              |     2 |     1 |       ||     3
       Punch             |       |     1 |       ||     1
 Cast: Beastly Appendage |     4 |     2 |       ||     6
       Blade Hands       |       |     1 |       ||     1
       Ice Form          |       |     1 |     2 ||     3
       Summon Ice Beast  |       |       |     3 ||     3
  Use: Potion            |     2 |     5 |     1 ||     8
       Scroll            |       |     1 |       ||     1
 Stab: Sleeping          |     4 |     1 |       ||     5
Armor: Robe              |     3 |     1 |       ||     4
       Skin              |       |     1 |     8 ||     9
Dodge: Dodged            |    18 |    23 |    36 ||    77

Table legend:
 A = Spawn XP
 B = Non-spawn XP
 C = Spawn XP percentage of total XP
 D = Spawn monster count
 E = Non-spawn monster count
 F = Spawn count percentage of total count
 G = Total turns spent on level
                    A         B        C        D         E        F      G
               +---------+---------+-------+---------+---------+-------+---------
         Total |       0 |    2044 |   0.0 |       0 |      30 |   0.0 |   697
               +---------+---------+-------+---------+---------+-------+---------
             D |       0 |    2044 |   0.0 |       0 |      30 |   0.0 |   697
               +---------+---------+-------+---------+---------+-------+---------
